 Dungeon Crawl Stone Soup version 0.29.1-1-gd02db6906a (webtiles) character file.

Game seed: 18168728703348954698

85 Jakudza the Gusty (level 4, -3/24 HPs)
             Began as a Tengu Air Elementalist on Oct 17, 2022.
             Killed from afar by Sigmund (7 damage)
             ... with a magic dart
             ... on level 2 of the Dungeon.
             The game lasted 00:04:34 (2588 turns).

Jakudza the Gusty (Tengu Air Elementalist)          Turns: 2588, Time: 00:04:35

Health: -3/24      AC:  3    Str:  8    XL:     4   Next: 48%
Magic:  8/8        EV: 12    Int: 17    God:
Gold:   94         SH:  0    Dex: 15    Spells: 4/7 levels left

rFire   + . .      SeeInvis .   f - +0 dagger
rCold   . . .      Faith    .   (no shield)
rNeg    . . .      Spirit   .   g - +0 leather armour
rPois   .          Reflect  .   (helmet restricted)
rElec   .          Harm     .   (no cloak)
rCorr   .          Rampage  .   (no gloves)
Will    .....                   (boots unavailable)
Stlth   +.........              (no amulet)
HPRegen 0.08/turn               j - ring of protection from fire
MPRegen 0.11/turn               (no ring)

@: confused
A: beak, talons 3
a: no special abilities


You were on level 2 of the Dungeon.
You visited 1 branch of the dungeon, and saw 2 of its levels.

You collected 94 gold pieces.

Inventory:

Hand Weapons
 f - a +0 dagger (weapon)
Armour
 a - a +0 robe
 g - a +0 leather armour (worn)
Magical Staves
 k - a staff of fire
Jewellery
 j - a ring of protection from fire (left hand)
Potions
 b - 2 potions of magic
 c - a potion of curing
 d - a potion of heal wounds
 e - a potion of brilliance
 h - a potion of lignification {unknown}


   Skills:
 + Level 0.7 Fighting
 + Level 1.2 Armour
 + Level 2.6 Dodging
 - Level 2.1 Stealth
 + Level 2.3 Spellcasting
 * Level 3.0 Conjurations
 * Level 4.9 Air Magic


You had 4 spell levels left.
You knew the following spells:

 Your Spells              Type           Power      Damage    Failure   Level
a - Shock                 Conj/Air       60%        1d6       5%          1
b - Static Discharge      Conj/Air       15%        3-5/arc   8%          2

Your spell library contained the following spells:

 Spells                   Type           Power      Damage    Failure   Level
 Magic Dart               Conj           48%        1d5       8%          1
 Swiftness                Air            18%        N/A       11%         3
 Searing Ray              Conj           24%        2d5       12%         2
 Airstrike                Air            9%         2d(2-18)  34%         4
 Fulminant Prism          Conj/Hex       3%         3d6       80%         4


Dungeon Overview and Level Annotations

Branches:
Dungeon (2/15)

Altars:

Annotations:
D:2 Sigmund


Innate Abilities, Weirdness & Mutations

You have a beak for a mouth.
You have claws for feet.


Message History

Found a stone staircase leading down.
Sigmund the Dreaded comes into view.
He is wielding a +2 vampiric scythe.
The zap hits Sigmund.
Sigmund is lightly wounded.
Sigmund shouts!
You hear a shout!
You start resting.
Sigmund is nearby!
Casting: Shock (safe; 5% risk of failure)
Confirm with . or Enter, or press ? or * to list all spells.
Sigmund is struck by an arc of lightning.
Sigmund is moderately wounded.
You are struck by an arc of lightning.
The lightning grounds out.
Sigmund points at you and mumbles some strange words.
You are confused.
You're too confused to cast spells.
You barely miss Sigmund. Your kick misses Sigmund.
Sigmund is moderately wounded.
Sigmund is suddenly surrounded by pale blue light.
Sigmund barely misses you. Sigmund hits you but does no damage.
You bump into the rock wall.
You're too confused to move!
Sigmund hits you from afar with a +2 vampiric scythe!
Sigmund draws strength from your wounds!
You feel less confused. Sigmund barely misses you.
Sigmund gestures at you while chanting.
You are confused.
You bump into the rock wall.
You bump into the rock wall.
You bump into the rock wall.
Sigmund gestures at you while chanting.
You are more confused.
You bump into the rock wall.
You bump into the rock wall.
Sigmund hits you from afar with a +2 vampiric scythe!
* * * LOW HITPOINT WARNING * * *
Sigmund casts a spell at you. The magic dart hits you!
You die...

#.# #.###
#.#........######
#.# #...#
#.########.######
..# ###.# #.#
#.##.... ### #.#
##.# #.##.### #.#
#..# #.##.# # #.#
#.## ##.##.# # #.#
#.# #...#.# #
###### #.# #.#
###...#.### .....#
#.#
#@######........##
####.# #.#
#...@.............
#.###.###
########........##
####.......##
###...#.##
...#...≈≈≈..#
#...#.#
##.#...≈:≈..#
####.##.#
##.#...≈≈≈..#
#....##.#
....).......#
#.@####.#
##.##)......#
*#.#.##*,*


You could see Sigmund.

Vanquished Creatures
  4 adders (D:2)
  3 dart slugs
  2 bats
  3 endoplasms (D:1)
  3 giant cockroaches
  4 goblins
  2 hobgoblins (D:1)
  4 quokkas
  9 ball pythons
  6 frilled lizards
  2 rats
42 creatures vanquished.

Notes
Turn   | Place    | Note
-------+----------+-------------------------------------------
     0 | D:1      | Jakudza the Tengu Air Elementalist began the quest for the
                  | Orb.
     0 | D:1      | Reached XP level 1. HP: 10/10 MP: 4/4
   134 | D:1      | Reached XP level 2. HP: 15/15 MP: 4/6
   970 | D:1      | Reached XP level 3. HP: 19/19 MP: 3/7
   975 | D:1      | Found a faded altar of an unknown god.
  1835 | D:2      | Learned a level 2 spell: Static Discharge
  1998 | D:2      | Reached XP level 4. HP: 24/24 MP: 5/8
  2058 | D:2      | Reached skill level 1 in Armour
  2559 | D:2      | Noticed Sigmund
  2588 | D:2      | Killed from afar by Sigmund

Illustrated notes

Levels and vault maps discovered:
D:1:      dpeg_arrival_pond, layout_loops_ring, chequers_ecumenical_altar_grove,
          minmay_fountain_box, serial_bayou_pond_e
D:2:      layout_loops_ring, corexii_item_surrounded_by_moat, uniq_sigmund

Skill      XL: |  1  2  3  4 |
---------------+-------------+-----
Conjurations   | 2 3 |  3.0
Armour         | 1 |  1.2
Fighting       | |  0.7
Dodging        | |  2.6
Stealth        | |  2.1
Spellcasting   | |  2.3
Air Magic      | |  4.9

Action                   |  1- 3 |  4- 6 || total
-------------------------+-------+-------++-------
Melee: Unarmed           |     7 |       ||     7
       Peck              |     1 |       ||     1
       Dagger            |       |     1 ||     1
 Cast: Shock             |    65 |    18 ||    83
       Static Discharge  |       |     2 ||     2
  Use: Scroll            |     6 |       ||     6
Armor: Leather armour    |     1 |     3 ||     4
       Robe              |     1 |       ||     1
Dodge: Dodged            |     8 |     3 ||    11
